 Dungeon Crawl Stone Soup version 0.29.1-15-g9cfb28693d (webtiles) character file.

Game seed: 16768684314565914075

646709 firemarshallily the Royal Jelly (level 27, -40/236 (244) HPs)
             Began as a Gnoll Wanderer on Mar 2, 2023.
             Was the Champion of Jiyva.
             Killed from afar by a golden dragon (55 damage)
             ... with a bolt of fire
             ... on level 5 of the Realm of Zot on Mar 8, 2023.
             The game lasted 06:50:19 (61459 turns).

firemarshallily the Royal Jelly (Gnoll Wanderer)   Turns: 61459, Time: 06:50:19

HP:   -40/236 (244) AC:  0    Str: 15 (18) XL:     27
MP:   32/46         EV: 20    Int: 21 (22) God:    Jiyva [******]
Gold: 2887          SH:  5    Dex:  8 (11) Spells: 1/64 levels left

rFire   . . .      SeeInvis .     - Unarmed
rCold   + . .      Faith    .   (shield currently unavailable)
rNeg    . . .      Spirit   .   (body armour currently unavailable)
rPois   +          Reflect  +   (helmet currently unavailable)
rElec   +          Harm     .   (cloak currently unavailable)
rCorr   +          Rampage  .   (gloves currently unavailable)
Will    ++...                   (boots currently unavailable)
Stlth   +++.......              D - amulet of reflection
HPRegen 2.89/turn               (ring currently unavailable)
MPRegen 0.80/turn               (ring currently unavailable)

@: about to teleport, pig-form, resistant, wereblooded, fire vulnerable,
contaminated, glowing, lightly drained, unable to drink, very quick
A: fast, no casting, small, (fangs 1), strong nose, distributed training,
(iridescent scales 1), clever 1, (deformed body), deterioration 1, (fire
resistance 2), mutation resistance 1, regeneration 1, robust 1, (shaggy fur 3),
wild magic 2, (acidic bite), (eyeballs 1), MP-powered wands
}: 4/15 runes: decaying, slimy, silver, gossamer
a: Renounce Religion, Oozemancy, Slimify


You were on level 5 of the Realm of Zot.
You worshipped Jiyva.
Jiyva was exalted by your worship.
You were a filthy swine.
You visited 11 branches of the dungeon, and saw 55 of its levels.
You also visited: Sewer, Gauntlet and Volcano.

You collected 7048 gold pieces.
You spent 4161 gold pieces at shops.

Inventory:

Hand Weapons
 c - a +3 sacred scourge of holy wrath
 d - the +5 trident "Caint" (melded) {protect, Fragile rPois rC++ Str+4}
   (You found it on level 9 of the Dungeon)

   It grants its wielder temporary protection when it strikes (+7 to AC).
   Str:       It affects your strength (+4).
   rC:        It greatly protects you from cold.
   rPois:     It protects you from poison.
   Fragile:   It will be destroyed if unequipped.
 v - a +2 quick blade of draining
Missiles
 A - a throwing net
 C - 48 poisoned darts
 G - 6 boomerangs (quivered)
 J - 4 curare-tipped darts
Armour
 b - a +0 helmet of see invisible (melded)
 f - +0 ice dragon scales
 g - a +2 cloak of willpower
 m - a +0 pair of gloves (melded)
 u - a +2 pair of boots (melded)
 I - the +4 ring mail of Quoloc {rF+++ Regen+ rCorr Slay-5}
   (You found it on level 7 of the Dungeon)

   Slay:      It affects your accuracy & damage with ranged weapons and melee
   (-5).
   rF:        It renders you almost immune to fire.
   Regen:     It increases your rate of health regeneration.
   rCorr:     It protects you from acid and corrosion.
 M - the +5 ring mail of the Harvest Moon (melded) {Drain rF- Str+7 Int+4}
   (You found it on level 2 of the Swamp)

   Str:       It affects your strength (+7).
   Int:       It affects your intelligence (+4).
   rF:        It makes you vulnerable to fire.
   Drain:     It drains your maximum health when unequipped.
 R - a +2 kite shield
 U - a +1 kite shield of fire resistance (melded)
 Y - a +2 cloak of fire resistance (melded)
 Z - the +9 scales of the Dragon King {rPois rF+ rC+ Will+}
   (You found it on level 5 of the Vaults)

   rF:        It protects you from fire.
   rC:        It protects you from cold.
   rPois:     It protects you from poison.
   Will:      It increases your willpower.
Jewellery
 p - a ring of wizardry
 t - a +4 ring of slaying
 w - the ring of Kodo (melded) {Fly Str+2 Dex+4}
   (You found it on level 5 of the Vaults)

   [ring of flight]

   Str:       It affects your strength (+2).
   Dex:       It affects your dexterity (+4).
   Fly:       It grants you flight.
 y - a +6 ring of dexterity
 z - a +6 ring of strength
 D - an amulet of reflection (around neck)
 H - a ring of protection from cold
 P - a ring of see invisible
 S - the ring "Dyasch" (melded) {rElec Will+ rCorr Str+7 Int-4}
   (You found it in a Gauntlet)

   [ring of willpower]

   Str:       It affects your strength (+7).
   Int:       It affects your intelligence (-4).
   rElec:     It insulates you from electricity.
   rCorr:     It protects you from acid and corrosion.
   Will:      It increases your willpower.
Wands
 s - a wand of paralysis (32)
 E - a wand of polymorph (24)
 N - a wand of digging (9)
Scrolls
 e - 9 scrolls of teleportation
 j - 5 scrolls of silence
 q - 7 scrolls of immolation
 L - 6 scrolls of fog
 Q - 3 scrolls of magic mapping
Potions
 h - a potion of haste
 k - 12 potions of mutation
 l - 4 potions of resistance
 n - 11 potions of curing
 o - 6 potions of brilliance
 x - 5 potions of magic
 B - 7 potions of lignification
 F - 5 potions of cancellation
 T - a potion of might
 W - 10 potions of attraction
Miscellaneous
 a - a lightning rod (4/4)
 O - a phantom mirror
 V - a condenser vane
 X - a box of beasts


   Skills:
 + Level 19.3 Fighting
 + Level 19.1 Short Blades
 + Level 19.1 Long Blades
 + Level 19.1 Axes
 + Level 19.1 Maces & Flails
 + Level 19.1 Polearms
 + Level 19.3 Staves
 + Level 19.1 Ranged Weapons
 + Level 19.1 Throwing
 + Level 19.1 Armour
 + Level 20.0 Dodging
 + Level 19.1 Stealth
 + Level 19.1 Shields
 + Level 19.1 Unarmed Combat
 + Level 19.3 Spellcasting
 + Level 16.3 Conjurations
 + Level 16.3 Hexes
 + Level 16.3 Summonings
 + Level 16.3 Necromancy
 + Level 16.3 Translocations
 + Level 16.3 Transmutations
 + Level 17.6 Fire Magic
 + Level 16.3 Ice Magic
 + Level 16.3 Air Magic
 + Level 16.3 Earth Magic
 + Level 16.3 Poison Magic
 + Level 20.7 Invocations
 + Level 19.1 Evocations


You had one spell level left.
You knew the following spells:

 Your Spells              Type           Power      Damage    Failure   Level
a - Foxfire               Conj/Fire      100%       2x1d9     1%          1
b - Summon Small Mammal   Summ           100%       N/A       1%          1
c - Summon Forest         Summ/Tloc      48%        N/A       1%          5
d - Fulminant Prism       Conj/Hex       48%        3d21      1%          4
e - Borgnjor's Vile Clut  Necr/Erth      48%        N/A       1%          5
f - Summon Lightning Spi  Summ/Air       97%        N/A       1%          4
g - Simulacrum            Ice/Necr       48%        N/A       2%          6
h - Eringya's Noxious Bo  Tmut/Pois      48%        N/A       2%          6
i - Summon Mana Viper     Hex/Summ       97%        N/A       1%          5
j - Ignite Poison         Fire/Tmut/Pois 98%        N/A       1%          3
k - Yara's Violent Unrav  Hex/Tmut       48%        3d19      1%          5
l - Statue Form           Tmut/Erth      64%        N/A       2%          6
m - Manifold Assault      Tloc           97%        N/A       1%          5
n - Ozocubu's Armour      Ice            97%        N/A       1%          3
o - Wereblood             Tmut           97%        N/A       1%          2
p - Blink                 Tloc           100%       N/A       1%          2

Your spell library contained the following spells:

 Spells                   Type           Power      Damage    Failure   Level
 Apportation              Tloc           100%       N/A       1%          1
 Magic Dart               Conj           100%       1d8       1%          1
 Necrotise                Necr           100%       1d9       1%          1
 Sandblast                Erth           100%       2d20      1%          1
 Shock                    Conj/Air       100%       1d9       1%          1
 Call Imp                 Summ           97%        N/A       1%          2
 Passwall                 Tmut/Erth      80%        N/A       1%          2
 Poisonous Vapours        Pois/Air       100%       N/A       1%          2
 Searing Ray              Conj           100%       2d8       1%          2
 Static Discharge         Conj/Air       97%        3-16/arc  1%          2
 Sublimation of Blood     Necr           97%        N/A       1%          2
 Call Canine Familiar     Summ           97%        N/A       1%          3
 Confusing Touch          Hex            97%        N/A       1%          3
 Conjure Flame            Conj/Fire      98%        6-21      1%          3
 Inner Flame              Hex/Fire       98%        N/A       1%          3
 Mephitic Cloud           Conj/Pois/Air  97%        N/A       1%          3
 Stone Arrow              Conj/Erth      100%       3d13      1%          3
 Summon Guardian Golem    Hex/Summ       97%        N/A       1%          3
 Swiftness                Air            97%        N/A       1%          3
 Vampiric Draining        Necr           97%        2d12      1%          3
 Airstrike                Air            48%        2d(7-23)  1%          4
 Anguish                  Hex/Necr       48%        N/A       1%          4
 Animate Armour           Summ/Erth      100%       N/A       1%          4
 Animate Dead             Necr           97%        N/A       1%          4
 Corpse Rot               Necr/Pois/Air  97%        N/A       1%          4
 Dispel Undead            Necr           97%        3d30      1%          4
 Flame Wave               Conj/Fire      98%        2d20      1%          4
 Iskenderun's Mystic Bla  Conj/Tloc      97%        2d19      1%          4
 Petrify                  Tmut/Erth      97%        N/A       1%          4
 Sticky Flame             Conj/Fire      98%        2d11      1%          4
 Summon Ice Beast         Ice/Summ       97%        N/A       1%          4
 Agony                    Necr           97%        N/A       1%          5
 Blade Hands              Tmut           48%        N/A       1%          5
 Fireball                 Conj/Fire      49%        3d19      1%          5
 Freezing Cloud           Conj/Ice/Air   48%        6-21      1%          5
 Lee's Rapid Deconstruct  Erth           48%        3d24*     1%          5
 Lightning Bolt           Conj/Air       48%        1d69      1%          5
 Metabolic Englaciation   Hex/Ice        48%        N/A       1%          5
 Death Channel            Necr           48%        N/A       2%          6
 Dispersal                Tloc           48%        N/A       2%          6
 Iron Shot                Conj/Erth      48%        9d9       2%          6
 Starburst                Conj/Fire      49%        6d13      2%          6
 Enfeeble                 Hex            48%        N/A       8%          7
 Haunt                    Necr/Summ      48%        N/A       8%          7
 Monstrous Menagerie      Summ           48%        N/A       8%          7
 Storm Form               Tmut/Air       48%        N/A       8%          7
 Summon Hydra             Summ           48%        N/A       8%          7
 Ignition                 Fire           50%        3d14      24%         8
 Borgnjor's Revivificati  Necr           48%        N/A       36%         8
 Disjunction              Tloc           48%        N/A       36%         8
 Infestation              Necr           48%        N/A       36%         8
 Maxwell's Capacitive Co  Air            48%        ∞         36%         8
 Necromutation            Tmut/Necr      48%        N/A       36%         8
 Death's Door             Necr           48%        N/A       99%         9
 Polar Vortex             Ice            48%        N/A       99%         9


Dungeon Overview and Level Annotations

Branches:
Dungeon (15/15)            Temple (0/1) D:7            Lair (5/5) D:11
  Swamp (4/4) Lair:3       Spider (4/4) Lair:3        Slime (5/5) Lair:4
    Orc (2/2) D:11            Elf (3/3) Orc:2        Vaults (5/5) D:13
  Crypt (3/3) Vaults:2       Tomb (0/3) Crypt:3      Depths (4/4) D:15
    Zot (5/5) Depths:4      Sewer (visited)         Volcano (visited)
Gauntlet (visited)

Altars:
Cheibriados
Dithmenos
Fedhas
Gozag
Hepliaklqana
Kikubaaqudgha
Makhleb
Nemelex Xobeh
Qazlal
Ru
Trog
Vehumet
Xom
Yredelemnul
Zin
Jiyva
Lugonu

Shops:
D:2 [[[[=   D:14 ([[:=   Orc:2 *(:!=   Elf:1 ?   Vaults:1 :[*   Vaults:2 ((:*(
Vaults:5 [[[   Depths:1 =:=:   Depths:3 (

Portals:
Hell: Depths:1 Depths:2 Depths:3 Depths:4
Abyss: Lair:5 Depths:2 Depths:3* Depths:4
Pandemonium: Depths:2 Depths:3
Ziggurat: Depths:4

Annotations:
Slime:5 Royal Jelly
Crypt:2 exclusion: 2 doom hounds, Grunn
Depths:2 2 transporters
Depths:4 6 runed translucent doors
Zot:2 exclusion: upstairs


Innate Abilities, Weirdness & Mutations

You are a filthy swine.
You move quickly.
Your equipment is almost entirely melded.
You are incapable of wielding weapons or throwing items.
You cannot cast spells.
((You have very sharp teeth.))
Your uncanny sense of smell can sniff out nearby items.
Your experience applies equally to all skills.
((You are partially covered in iridescent scales. (AC +2)))
Your mind is acute. (Int +4, Str/Dex -1)
((Armour fits poorly on your strangely shaped body.))
Your body sometimes deteriorates upon taking damage.
((Your flesh is very heat resistant. (rF++)))
You are somewhat resistant to further mutation.
Your natural rate of healing is unusually fast.
You are robust. (+10% HP)
((Your thick and shaggy fur keeps you warm. (AC +3, rC+)))
Your spells are harder to cast, but more powerful.
((You have acidic saliva.))
((Your body has grown eyes which may confuse attackers. (Acc +3)))
You expend magic power (3 MP) to strengthen your wands.


Message History

You feel strangely unstable.
You feel the Orb delaying your translocation!
The Killer Klown pies you viciously! The klown pie misses you.
Your mana viper bites the orb of fire but does no damage.
You maul the Killer Klown!!
The Killer Klown is heavily wounded.
Your mana viper bites the orb of fire.
The orb of fire's magic leaks into the air.
You bite the Killer Klown!
The Killer Klown is heavily wounded.
The Killer Klown headlocks you with a +8 club of flaming!!
The Killer Klown burns you.
Your mana viper misses the orb of fire.
You miss the Killer Klown.
The Killer Klown is heavily wounded.
You feel a little less mighty now.
You hear a distant slurping noise.
An ancient lich comes into view.
The Killer Klown pies you viciously! The klown pie misses you.
A curse toe comes into view.
Your lightning spire shoots out a bolt of lightning at the Killer Klown!
The bolt of electricity hits the Killer Klown!!
The Killer Klown kneecaps your lightning spire with a +8 club of flaming!!
The Killer Klown burns your lightning spire.
The orb of fire's magic is no longer disrupted.
The Killer Klown blinks!
Your mana viper bites the orb of fire but does no damage.
The orb of fire glows deep purple.
The bolt of fire hits you!!!
* * * LOW HITPOINT WARNING * * *
You shudder from the blast and a jelly pops out!
The golden dragon breathes fire at you.
The bolt of fire hits the orb of fire.
The orb of fire completely resists.
The bolt of fire hits your azure jelly!!!!
Your azure jelly is burned terribly!
Your azure jelly dies!
Your azure jelly dissolves into a puddle of slime!
The bolt of fire hits you!!!
You die...

▓▓.......○.^§..,,,,,,^
▓▓.....☼.....X,,,,,,,
▓▓....z^.....,,,,,,,
▓▓....X......§,,,,,,,
▓▓.DS.....^....,,,,,,,
▓8§....p.....X.,,,,,,,
▓...*.L........,,,,,,,
▓▓...........,,,,,,,,,
▓▓..h.......,^,,,,,,,
▓▓▓▓.......,,,,^,***
*▓▓▓▓▓▓▓*******


You could see an orb of fire (ally target), a Killer Klown (distracted, ally
target), a golden dragon (catching breath), an ancient lich, a curse toe, an Orb
Guardian, a friendly mana viper (summoned, misshapen) and a friendly lightning
spire (summoned).

Vanquished Creatures
  2 dread liches (Zot:5)
  An ancient lich (Vaults:5)
  Mennas (Crypt:2)
  Khufu (Crypt:1)
  A juggernaut (Depths:1)
  Vv (Zot:4)
  the Lernaean hydra (Swamp:4)
  Bai Suzhen (Depths:2)
  2 Killer Klowns
  A curse toe (Zot:2)
  A caustic shrike (Depths:3)
  10 golden dragons
  2 bone dragons (Depths:4)
  2 electric golems
  Jorgrun (Elf:2)
  3 liches
  20 tentacled monstrosities
  2 deep elf blademasters (Elf:3)
  9 Orb Guardians (Zot:5)
  10 quicksilver dragons
  6 titans
  2 deep elf master archers (Elf:3)
  Frances (D:14)
  7 sphinxes
  5 shadow dragons
  2 thorn hunters
  4 death cobs
  3 tengu reavers (Vaults:5)
  3 revenants
  11 storm dragons
  9 draconian knights
  9 frost giants
  3 emperor scorpions (Spider:4)
  5 draconian monks
  8 fire giants
  2 iron dragons
  9 deep elf sorcerers
  An orc warlord (Vaults:3)
  4 draconian scorchers
  5 ghost moths
  18 vault wardens
  2 juggernaut zombies
  A draconian stormcaller (Zot:2)
  6 deep elf elementalists
  6 draconian shifters
  4 curse skulls
  An angel (Depths:3)
  A reaper (Crypt:2)
  A juggernaut skeleton (Crypt:2)
  4 draconian annihilators
  5 ghouls
  22 ironbound preservers
  18 stone giants
  5 war gargoyles
  6 vampire knights
  3 spriggan defenders
  3 deep elf demonologists
  A broodmother (Spider:4)
  20 very ugly things
  A rockslime zombie (Crypt:3)
  4 ironbound thunderhulks
  Azrael (D:14)
  11 deep elf annihilators
  10 green draconians
  6 eleionomae
  7 yellow draconians
  9 black draconians
  3 bunyips
  11 white draconians
  11 red draconians
  5 entropy weavers
  11 spark wasps
  8 purple draconians
  A minotaur (Gauntlet)
  The ghost of Selrock the Fighter, a journeyman GrBe of Trog (Lair:4)
  6 deep elf death magi
  3 eidola
  2 mummy priests (Crypt:3)
  A blizzard demon (Gauntlet)
  3 crystal guardians
  17 ettins
  9 fire dragons
  5 deep elf high priests
  A shambling mangrove (Swamp:2)
  A merfolk impaler (Depths:4)
  A quicksilver dragon skeleton (Crypt:3)
  8 jiangshi
  A quicksilver dragon zombie (Crypt:2)
  14 yaktaur captains
  7 boulder beetles
  6 rakshasas
  28 hydras
  9 ice dragons
  9 ironbound frosthearts
  3 spriggan air magi
  2 ghost crabs
  4 jorogumos
  3 peacekeepers
  A hell beast (Depths:2)
  30 vault guards
  9 two-headed ogres
  An ogre mage (D:15)
  4 centaur warriors
  7 death knights
  30 dancing weapons
  4 alligators
  7 tengu warriors
  10 deep troll earth magi
  4 thrashing horrors (Lair:5)
  6 death scarabs (Spider:4)
  A deep troll shaman (Depths:3)
  7 spriggan berserkers
  8 vampire magi
  3 hell knights
  2 orc high priests
  2 soul eaters
  A sun demon (Depths:2)
  16 deep elf knights
  8 iron trolls
  22 skeletal warriors
  5 goliath frogs
  5 pharaoh ants
  2 sun moths
  4 flayed ghosts
  A death drake (Swamp:4)
  A storm dragon skeleton (Crypt:2)
  3 shadow wraiths
  An anaconda zombie (Crypt:2)
  10 bog bodies
  6 steelbarb worms
  3 spriggan druids
  68 deep trolls
  4 orb spiders
  10 swamp dragons
  31 ironbound convokers
  A spectral wolf spider (Spider:4)
  A bunyip skeleton (Crypt:1)
  A wolf spider zombie (Spider:4)
  11 wizards
  12 lindwurms
  A golden dragon skeleton (Depths:2)
  17 phantasmal warriors
  14 wolf spiders
  8 necromancers
  2 spectral jorogumos (Spider:4)
  2 fire giant zombies
  A stone giant zombie (D:15)
  8 deep elf archers
  10 orc knights
  14 deep elf zephyrmancers
  22 deep elf pyromancers
  A jorogumo skeleton (Crypt:3)
  6 cyclopes
  4 oklob plants (Lair:2)
  7 manticores
  2 sphinx skeletons
  30 moths of wrath
  A will-o-the-wisp (Swamp:4)
  2 salamanders (shapeshifter)
  40 ugly things
  2 centaur zombies
  10 elephants
  5 toenail golems (Volcano)
  3 black mambas
  A gargoyle (D:11)
  A human skeleton (Crypt:2)
  10 cane toads
  14 vault sentinels
  5 smoke demons
  4 torpor snails
  5 demonic crawlers
  5 rime drakes
  7 unseen horrors
  A naga skeleton (Crypt:3)
  3 spectral redbacks (Spider:4)
  10 freezing wraiths
  3 ice devils
  9 komodo dragons
  50 yaktaurs
  An efreet (D:14)
  An ancient zyme (Lair:5)
  A harpy zombie (Crypt:3)
  7 tengu conjurers
  A red devil (Gauntlet)
  20 guardian mummies
  9 meliai
  3 spectral jumping spiders (Spider:4)
  21 tarantellas
  9 tyrant leeches
  7 trolls
  A tengu simulacrum (Vaults:3)
  2 polar bears
  4 tarantella zombies (Spider:4)
  A culicivora zombie (Spider:4)
  A jumping spider zombie (Spider:4)
  2 harpy skeletons
  9 hornets
  A hornet (shapeshifter) (Lair:5)
  2 spectral tarantellas (Spider:4)
  8 dream sheep
  21 blink frogs
  7 large abominations
  A fire giant simulacrum (Vaults:3)
  An ice dragon zombie (Crypt:2)
  11 flying skulls
  17 jumping spiders
  An ettin skeleton (Crypt:2)
  17 culicivoras
  3 air elementals (Elf:2)
  An elf skeleton (Vaults:3)
  4 shadows
  A slime creature zombie (Crypt:3)
  6 spriggans
  7 water elementals
  A dire elephant simulacrum (Crypt:2)
  6 wraiths
  7 ushabtiu (Crypt:3)
  2 yaks (shapeshifter)
  8 wyverns
  4 fire elementals
  A steam dragon (D:9)
  6 basilisks
  A chaos spawn (Lair:5)
  13 vampire mosquitoes
  41 yaks
  3 neqoxecs (Depths:2)
  A spriggan simulacrum (Depths:2)
  48 redbacks
  2 wargs
  5 acid dragons
  2 naga zombies (Crypt:2)
  10 swamp worms
  A water moccasin (shapeshifter) (Depths:2)
  15 water moccasins
  A hell hound (D:14)
  36 orc warriors
  6 swamp drakes
  5 ice beasts
  2 floating eye zombies
  An ettin simulacrum (Vaults:3)
  15 small abominations
  5 boggarts
  7 ogres
  3 black bears
  19 centaurs
  3 wolves (Lair:2)
  A tengu (shapeshifter) (D:13)
  2 phantoms
  3 kobold brigands
  5 bullfrogs
  4 earth elementals
  4 necrophages
  3 scorpions
  3 jellies
  14 wights
  A cyclops skeleton (Crypt:3)
  A raiju zombie (Crypt:1)
  5 killer bees (D:11)
  A nameless horror (Depths:3)
  2 tengu skeletons (D:15)
  2 shapeshifter skeletons
  5 electric eels
  A howler monkey (D:9)
  4 crimson imps (Gauntlet)
  3 hounds
  A wolf skeleton (Crypt:1)
  9 orc priests
  A basilisk skeleton (Crypt:1)
  2 gnoll boudas
  4 iguanas
  A black bear skeleton (Crypt:1)
  16 orc wizards
  18 hell rats
  A killer bee zombie (Crypt:1)
  A hound zombie (Crypt:3)
  3 human simulacra
  A deep dwarf skeleton (Crypt:1)
  7 mummies
  8 gnolls
  13 river rats (Lair:1)
  4 adders
  4 shadow imps
  3 white imps
  An ufetubus (D:6)
  4 worms
  An iguana skeleton (Crypt:3)
  A dart slug (D:1)
  50 orcs
  7 ball pythons
  11 bats
  4 endoplasms
  2 giant cockroaches
  6 goblins
  7 hobgoblins
  3 jackals
  20 kobolds
  8 quokkas
  A dart slug zombie (Crypt:1)
  7 frilled lizards
  20 rats
  2 foxfires
2049 creatures vanquished.

Vanquished Creatures (collateral kills)
  An ancient lich (Zot:5)
  An orb of fire (Zot:5)
  2 royal mummies
  2 Killer Klowns (Zot:5)
  Frederick (Crypt:3)
  2 curse toes
  Nikola (Vaults:3)
  6 golden dragons
  2 Orb Guardians (Zot:5)
  A tentacled monstrosity (Zot:3)
  3 quicksilver dragons (Zot:3)
  A titan (Vaults:5)
  3 death cobs
  A storm dragon (Zot:3)
  2 sphinxes (Crypt:3)
  2 shadow dragons
  A draconian knight (Zot:2)
  A vault warden (Vaults:1)
  A ghost moth (Zot:5)
  A curse skull (Crypt:1)
  A draconian scorcher (Zot:3)
  An ironbound preserver (Vaults:3)
  4 ghouls
  A broodmother (Zot:3)
  A very ugly thing (Depths:2)
  A rockslime zombie (Crypt:1)
  An ironbound thunderhulk (Vaults:3)
  2 stone giants
  A black draconian (Zot:2)
  A vampire knight (Depths:2)
  2 green draconians
  3 purple draconians
  2 white draconians
  5 yellow draconians
  3 spark wasps (Depths:2)
  4 red draconians
  3 jiangshi
  4 mummy priests (Crypt:3)
  A yaktaur captain (Vaults:1)
  A fire dragon (Depths:4)
  A rakshasa (Depths:2)
  A spriggan air mage (Depths:3)
  The ghost of yourfavgirlally the Basher, a novice PaBe of Trog (Lair:1)
  A two-headed ogre (D:10)
  3 vampire magi
  A tengu warrior (Depths:3)
  A soul eater (Crypt:1)
  An iron troll (Depths:3)
  A ghost moth zombie (Crypt:2)
  2 skeletal warriors (Crypt:2)
  A flayed ghost (Crypt:2)
  4 deep trolls
  4 phantasmal warriors
  A bunyip skeleton (Crypt:2)
  A moth of wrath (Zot:3)
  An ugly thing (Depths:2)
  Joseph (D:9)
  A vault sentinel (Vaults:3)
  An ice devil (Depths:2)
  A freezing wraith (Crypt:2)
  An orange demon (Depths:2)
  A tengu conjurer (Depths:2)
  12 guardian mummies (Crypt:3)
  A troll (D:10)
  3 hornets
  A jumping spider (Vaults:4)
  4 dream sheep (Lair:4)
  8 flying skulls
  An ice dragon skeleton (Crypt:1)
  4 spriggans
  A wraith (D:10)
  4 yaks
  A redback (Spider:2)
  A chaos spawn (Depths:2)
  A snapping turtle zombie (Crypt:2)
  2 necrophages (Crypt:3)
  An orc priest (D:6)
  A human skeleton (Crypt:3)
  An orc wizard (D:6)
  An ice beast zombie (Crypt:2)
  10 mummies
  3 orcs
  A butterfly zombie (Crypt:3)
170 creatures vanquished.

Vanquished Creatures (others)
  Asterion (Elf:2)
  A sphinx (Vaults:5)
  A storm dragon (shapeshifter) (Vaults:4)
  A fire giant (Vaults:5)
  A draconian shifter (Zot:2)
  An ironbound preserver (Vaults:4)
  A stone giant (Vaults:5)
  6 great orbs of eyes
  A yaktaur captain (Vaults:1)
  A hydra (Swamp:1)
  An ironbound frostheart (Vaults:1)
  A tengu warrior (D:13)
  A spriggan berserker (Depths:3)
  A deep elf knight (Elf:1)
  Sonja (Orc:1)
  3 glowing orange brains
  2 wizards
  A lindwurm (Vaults:1)
  2 phantasmal warriors (Depths:2)
  2 deep elf zephyrmancers (Elf:1)
  An ugly thing (Vaults:3)
  A cyclops (shapeshifter) (Vaults:5)
  A moth of wrath (shapeshifter) (Vaults:5)
  3 vault sentinels
  A rime drake (Lair:5)
  2 komodo dragons (Lair:2)
  3 yaktaurs
  A tengu conjurer (Depths:3)
  28 slime creatures
  2 bloated husks
  A tyrant leech (shapeshifter) (Vaults:5)
  A slime creature (shapeshifter) (Vaults:5)
  A steam dragon (D:10)
  A redback (Spider:4)
  A water moccasin (Sewer)
  An orc warrior (Orc:2)
  2 boggarts
  A centaur (Orc:2)
  A phantom (D:5)
  2 bullfrogs
  A crimson imp (D:5)
  262 jellies
  An orc wizard (Orc:1)
  A mummy (Crypt:3)
  3 white imps
  A worm (D:3)
  A dart slug (D:4)
  6 orcs
  An endoplasm (D:4)
  2 hobgoblins
  A jackal (D:3)
  A quokka (Lair:1)
  A ball python (D:4)
  A rat (D:3)
  A demonic plant (Gauntlet)
  379 foxfires
  42 fulminant prisms
  79 fungi
  153 plants
  9 withered plants (D:15)
1031 creatures vanquished.

Grand Total: 3250 creatures vanquished

Notes
Turn   | Place    | Note
-------+----------+-------------------------------------------
     0 | D:1      | firemarshallily the Gnoll Wanderer began the quest for the
                  | Orb.
     0 | D:1      | firemarshallily set off with the following items: a +0
                  | quarterstaff, a +0 helmet, a scroll of fear, a +0 robe; and
                  | the following spell memorised: Foxfire; and the following
                  | spells available to memorise: Inner Flame, Flame Wave.
     0 | D:1      | Reached XP level 1. HP: 17/17 MP: 4/4
    53 | D:1      | Reached XP level 2. HP: 9/23 MP: 5/5
   508 | D:1      | Reached XP level 3. HP: 28/28 MP: 7/7
   826 | D:1      | Reached skill level 1 in Invocations
  1060 | D:2      | Reached skill level 1 in Short Blades
  1060 | D:2      | Reached skill level 1 in Long Blades
  1060 | D:2      | Reached skill level 1 in Axes
  1060 | D:2      | Reached skill level 1 in Maces & Flails
  1060 | D:2      | Reached skill level 1 in Polearms
  1060 | D:2      | Reached skill level 1 in Ranged Weapons
  1060 | D:2      | Reached skill level 1 in Throwing
  1060 | D:2      | Reached skill level 1 in Armour
  1060 | D:2      | Reached skill level 1 in Stealth
  1060 | D:2      | Reached skill level 1 in Shields
  1060 | D:2      | Reached skill level 1 in Unarmed Combat
  1060 | D:2      | Reached skill level 1 in Evocations
  1441 | D:2      | Found a faded altar of an unknown god.
  1550 | D:2      | Reached XP level 4. HP: 34/34 MP: 5/8
  1566 | D:2      | Learned a level 1 spell: Summon Small Mammal
  1578 | D:2      | Found Ezoaqy's Antique Armour Shop.
  1596 | D:2      | Found Heloato's Antique Armour Emporium.
  1622 | D:2      | Found Mifryuff's Armour Boutique.
  1721 | D:2      | Found Gumum's Armour Boutique.
  1747 | D:2      | Bought a +0 pair of boots for 49 gold pieces
  1769 | D:2      | Found Seerphi's Jewellery Emporium.
  2031 | D:2      | Prayed at the altar of an unknown god.
  2031 | D:2      | Became a worshipper of Jiyva Jopops the Shapeless
  2031 | D:2      | Reached * piety under Jiyva
  2303 | D:3      | Reached ** piety under Jiyva
  2388 | D:3      | Reached skill level 1 in Conjurations
  2388 | D:3      | Reached skill level 1 in Hexes
  2388 | D:3      | Reached skill level 1 in Summonings
  2388 | D:3      | Reached skill level 1 in Necromancy
  2388 | D:3      | Reached skill level 1 in Translocations
  2388 | D:3      | Reached skill level 1 in Transmutations
  2388 | D:3      | Reached skill level 1 in Ice Magic
  2388 | D:3      | Reached skill level 1 in Air Magic
  2388 | D:3      | Reached skill level 1 in Earth Magic
  2388 | D:3      | Reached skill level 1 in Poison Magic
  2958 | D:4      | Found a sparkling altar of Nemelex Xobeh.
  2965 | D:4      | Noticed a phantom
  2970 | D:4      | Killed a phantom
  2971 | D:4      | Reached XP level 5. HP: 41/41 MP: 6/9
  2996 | D:4      | Reached *** piety under Jiyva
  2998 | D:4      | Found a burning altar of Makhleb.
  2999 | D:4      | Noticed a green death
  3010 | D:4      | Noticed a black bear
  3024 | D:4      | Killed a black bear
  3025 | D:4      | Reached XP level 6. HP: 43/47 MP: 9/11
  3054 | D:4      | Found a glowing drain.
  3076 | Sewer    | Entered a sewer
  3076 | Sewer    | Gained mutation: You are covered in slimy tendrils that may
                  | disarm your opponents. [Jiyva's grace]
  3076 | Sewer    | Gained mutation: Armour fits poorly on your pseudopods.
                  | [Jiyva's grace]
  3076 | Sewer    | Gained mutation: Armour fits poorly on your large
                  | pseudopods. [Jiyva's grace]
  3076 | Sewer    | Gained mutation: Armour fits poorly on your massive
                  | pseudopods. [Jiyva's grace]
  3085 | Sewer    | Killed a water moccasin
  3432 | D:4      | Reached XP level 7. HP: 52/52 MP: 12/12
  3536 | D:4      | Found a glowing silver altar of Zin.
  3536 | D:4      | Noticed an angel
  3583 | D:4      | Found an opulent altar of Gozag.
  3583 | D:4      | Found a sacrificial altar of Ru.
  3585 | D:4      | Found a radiant altar of Vehumet.
  3808 | D:5      | Entered Level 5 of the Dungeon
  3884 | D:5      | Found a hazy altar of Hepliaklqana.
  3993 | D:5      | Reached **** piety under Jiyva
  4252 | D:5      | Reached XP level 8. HP: 60/60 MP: 14/14
  4709 | D:6      | Reached ***** piety under Jiyva
  4794 | D:6      | Lost mutation: Armour fits poorly on your massive
                  | pseudopods. [Jiyva's grace]
  4794 | D:6      | Lost mutation: Armour fits poorly on your large pseudopods.
                  | [Jiyva's grace]
  4794 | D:6      | Lost mutation: Armour fits poorly on your pseudopods.
                  | [Jiyva's grace]
  4794 | D:6      | Lost mutation: You are covered in slimy tendrils that may
                  | disarm your opponents. [Jiyva's grace]
  4794 | D:6      | Gained mutation: You are agile. (Dex +4, Str/Int -1)
                  | [Jiyva's grace]
  4794 | D:6      | Gained mutation: You are very agile. (Dex +8, Str/Int -2)
                  | [Jiyva's grace]
  4794 | D:6      | Gained mutation: You possess an exceptional clarity of
                  | mind. [Jiyva's grace]
  4794 | D:6      | Gained mutation: You passively map a small area around you.
                  | [Jiyva's grace]
  5102 | D:6      | Reached XP level 9. HP: 66/66 MP: 13/16
  5513 | D:7      | Identified the +4 ring mail of Quoloc {rF+++ Regen+ rCorr
                  | Slay-5}
  5529 | D:7      | Reached skill level 5 in Spellcasting
  5617 | D:7      | Reached skill level 5 in Fighting
  5617 | D:7      | Reached skill level 5 in Staves
  5735 | D:7      | Found a staircase to the Ecumenical Temple.
  6394 | D:7      | Found a snail-covered altar of Cheibriados.
  6450 | D:7      | Reached skill level 5 in Invocations
  6624 | D:8      | Lost mutation: You are very agile. (Dex +8, Str/Int -2)
                  | [Jiyva's grace]
  6624 | D:8      | Lost mutation: You possess an exceptional clarity of mind.
                  | [Jiyva's grace]
  6624 | D:8      | Gained mutation: Your rubbery body absorbs attacks. (AC +1,
                  | EV +1) [Jiyva's grace]
  6624 | D:8      | Gained mutation: Your pliable body absorbs attacks. (AC +2,
                  | EV +2) [Jiyva's grace]
  6624 | D:8      | Gained mutation: Your gelatinous body deflects attacks. (AC
                  | +3, EV +3) [Jiyva's grace]
  6624 | D:8      | Gained mutation: Your system is resistant to poisons.
                  | (rPois) [Jiyva's grace]
  6668 | D:8      | Found a blossoming altar of Fedhas.
  6722 | D:8      | Reached ****** piety under Jiyva
  7003 | D:8      | Reached skill level 5 in Short Blades
  7003 | D:8      | Reached skill level 5 in Long Blades
  7003 | D:8      | Reached skill level 5 in Axes
  7003 | D:8      | Reached skill level 5 in Maces & Flails
  7003 | D:8      | Reached skill level 5 in Polearms
  7003 | D:8      | Reached skill level 5 in Ranged Weapons
  7003 | D:8      | Reached skill level 5 in Throwing
  7003 | D:8      | Reached skill level 5 in Armour
  7003 | D:8      | Reached skill level 5 in Stealth
  7003 | D:8      | Reached skill level 5 in Shields
  7003 | D:8      | Reached skill level 5 in Unarmed Combat
  7003 | D:8      | Reached skill level 5 in Evocations
  7003 | D:8      | Reached XP level 10. HP: 26/76 MP: 18/18
  7588 | D:9      | Noticed Joseph
  7607 | D:9      | Killed Joseph
  7771 | D:9      | Identified the +5 trident "Caint" {protect, Fragile rPois
                  | rC++ Str+4}
  7908 | D:9      | Lost mutation: You passively map a small area around you.
                  | [Jiyva's grace]
  7908 | D:9      | Lost mutation: Your system is resistant to poisons. (rPois)
                  | [Jiyva's grace]
  7908 | D:9      | Lost mutation: Your gelatinous body deflects attacks. (AC
                  | +3, EV +3) [Jiyva's grace]
  7908 | D:9      | Lost mutation: Your pliable body absorbs attacks. (AC +2,
                  | EV +2) [Jiyva's grace]
  7908 | D:9      | Gained mutation: Your natural rate of healing is unusually
                  | fast. [Jiyva's grace]
  7908 | D:9      | Gained mutation: You heal very quickly. [Jiyva's grace]
  7908 | D:9      | Gained mutation: You regenerate. [Jiyva's grace]
  7908 | D:9      | Gained mutation: Your translucent skin slightly reduces
                  | your foes' accuracy. (Stealth+) [Jiyva's grace]
  8361 | D:10     | Entered Level 10 of the Dungeon
  8396 | D:10     | Noticed a two-headed ogre
  8418 | D:10     | Killed a two-headed ogre
  8432 | D:10     | Noticed a two-headed ogre
  8437 | D:10     | Killed a two-headed ogre
  8438 | D:10     | Reached skill level 5 in Conjurations
  8438 | D:10     | Reached skill level 5 in Hexes
  8438 | D:10     | Reached skill level 5 in Summonings
  8438 | D:10     | Reached skill level 5 in Necromancy
  8438 | D:10     | Reached skill level 5 in Translocations
  8438 | D:10     | Reached skill level 5 in Transmutations
  8438 | D:10     | Reached skill level 5 in Ice Magic
  8438 | D:10     | Reached skill level 5 in Air Magic
  8438 | D:10     | Reached skill level 5 in Earth Magic
  8438 | D:10     | Reached skill level 5 in Poison Magic
  8438 | D:10     | Reached XP level 11. HP: 34/83 MP: 17/21
  8490 | D:10     | Noticed a centaur warrior
  8499 | D:10     | Killed a centaur warrior
  8504 | D:10     | Noticed a purple ugly thing
  8505 | D:10     | Noticed a white ugly thing
  8520 | D:10     | Killed a cyan ugly thing
  8524 | D:10     | Killed a purple ugly thing
  9791 | D:11     | Found a staircase to the Lair.
  9883 | D:11     | Noticed a manticore
  9907 | D:11     | Killed a manticore
  9937 | D:11     | Noticed a two-headed ogre
  9949 | D:11     | Killed a two-headed ogre
  9971 | D:11     | Noticed an orc knight
 10008 | D:11     | Killed an orc knight
 10009 | D:11     | Reached XP level 12. HP: 86/91 MP: 23/23
 10027 | D:11     | Noticed a seven-headed hydra
 10034 | D:11     | Killed a seven-headed hydra
 10147 | D:11     | Noticed a two-headed ogre
 10192 | D:11     | Noticed a boulder beetle
 10192 | D:11     | Noticed a four-headed hydra
 10202 | D:11     | Killed a boulder beetle
 10203 | D:11     | Reached skill level 10 in Dodging
 10204 | D:11     | Killed a two-headed ogre
 10207 | D:11     | Killed a four-headed hydra
 10255 | D:11     | Noticed a boulder beetle
 10289 | D:11     | Killed a boulder beetle
 10318 | D:11     | Identified the +4 great sword of Xis Nusa {flame, rC+
                  | Int+3}
 10318 | D:11     | Identified the +1 chain mail of the Sea {rN+}
 10319 | D:11     | Got the Guidebook on the Mountains and Heat
 10566 | D:11     | Lost mutation: You are agile. (Dex +4, Str/Int -1) [Jiyva's
                  | grace]
 10566 | D:11     | Lost mutation: Your rubbery body absorbs attacks. (AC +1,
                  | EV +1) [Jiyva's grace]
 10566 | D:11     | Gained mutation: You have a small jelly attached to you
                  | that senses nearby items. [Jiyva's grace]
 10566 | D:11     | Gained mutation: You have a small jelly attached to you
                  | that may absorb projectiles. [Jiyva's grace]
 10566 | D:11     | Gained mutation: Your flesh is heat resistant. (rF+)
                  | [Jiyva's grace]
 10566 | D:11     | Gained mutation: Your flesh is very heat resistant. (rF++)
                  | [Jiyva's grace]
 11001 | D:11     | Found a staircase to the Orcish Mines.
 11073 | Lair:1   | Entered Level 1 of the Lair of Beasts
 11208 | Lair:1   | Reached XP level 13. HP: 99/99 MP: 25/25
 11278 | Lair:1   | Found a dark tunnel.
 11287 | Volcano  | Entered a volcano
 11330 | Volcano  | Reached skill level 10 in Fire Magic
 12011 | Lair:1   | Found a runed translucent door.
 12016 | Lair:1   | Noticed yourfavgirlally's ghost (novice PaBe)
 12144 | Lair:1   | You fall into a shaft and drop 1 floor!
 12195 | Lair:2   | Lost mutation: Your translucent skin slightly reduces your
                  | foes' accuracy. (Stealth+) [Jiyva's grace]
 12195 | Lair:2   | Gained mutation: You passively map a small area around you.
                  | [Jiyva's grace]
 12195 | Lair:2   | Gained mutation: You passively map the area around you.
                  | [Jiyva's grace]
 12195 | Lair:2   | Gained mutation: You passively map a large area around you.
                  | [Jiyva's grace]
 12195 | Lair:2   | Gained mutation: Your melee attacks may engulf your foes in
                  | ooze. [Jiyva's grace]
 12285 | Lair:2   | Identified the +1 leather armour "Meakaudi" {rN+ Will+}
 14060 | Lair:3   | Reached XP level 14. HP: 86/106 MP: 27/27
 14070 | Lair:3   | Reached skill level 10 in Invocations
 14088 | Lair:3   | Identified the +1 robe of Ynwuyrum {rElec rF- Regen+ MP-9}
 14130 | Lair:3   | Found a staircase to the Swamp.
 14143 | Lair:3   | Lost mutation: You have a small jelly attached to you that
                  | may absorb projectiles. [Jiyva's grace]
 14143 | Lair:3   | Gained mutation: You have a pair of small horns on your
                  | head. [Jiyva's grace]
 14143 | Lair:3   | Gained mutation: You have a pair of horns on your head.
                  | [Jiyva's grace]
 14143 | Lair:3   | Gained mutation: You have a pair of large horns on your
                  | head. [Jiyva's grace]
 14143 | Lair:3   | Gained mutation: Your body has grown eyes which may confuse
                  | attackers. (Acc +3) [Jiyva's grace]
 14415 | Lair:3   | Found a hole to the Spider Nest.
 15366 | Lair:4   | Found a runed translucent door.
 15366 | Lair:4   | Noticed Selrock's ghost (journeyman GrBe)
 15627 | Lair:4   | Found a staircase to the Slime Pits.
 15950 | Lair:5   | Entered Level 5 of the Lair of Beasts
 15967 | Lair:5   | Lost mutation: Your flesh is very heat resistant. (rF++)
                  | [Jiyva's grace]
 15967 | Lair:5   | Lost mutation: You regenerate. [Jiyva's grace]
 15967 | Lair:5   | Lost mutation: You heal very quickly. [Jiyva's grace]
 15967 | Lair:5   | Gained mutation: You are robust. (+10% HP) [Jiyva's grace]
 15967 | Lair:5   | Gained mutation: You are very robust. (+20% HP) [Jiyva's
                  | grace]
 15967 | Lair:5   | Gained mutation: You are extremely robust. (+30% HP)
                  | [Jiyva's grace]
 15967 | Lair:5   | Gained mutation: You have acidic saliva. [Jiyva's grace]
 15999 | Lair:5   | Reached skill level 10 in Spellcasting
 16056 | Lair:5   | Reached skill level 10 in Fighting
 16056 | Lair:5   | Reached skill level 10 in Staves
 16547 | Lair:5   | Reached skill level 10 in Short Blades
 16547 | Lair:5   | Reached skill level 10 in Long Blades
 16547 | Lair:5   | Reached skill level 10 in Axes
 16547 | Lair:5   | Reached skill level 10 in Maces & Flails
 16547 | Lair:5   | Reached skill level 10 in Polearms
 16547 | Lair:5   | Reached skill level 10 in Ranged Weapons
 16547 | Lair:5   | Reached skill level 10 in Throwing
 16547 | Lair:5   | Reached skill level 10 in Armour
 16547 | Lair:5   | Reached skill level 10 in Stealth
 16547 | Lair:5   | Reached skill level 10 in Shields
 16547 | Lair:5   | Reached skill level 10 in Unarmed Combat
 16547 | Lair:5   | Reached skill level 10 in Evocations
 16554 | Lair:5   | Found a corrupted altar of Lugonu.
 16554 | Lair:5   | Found a one-way gate to the infinite horrors of the Abyss.
 16715 | Lair:5   | Reached XP level 15. HP: 152/152 MP: 29/29
 17409 | Orc:1    | Entered Level 1 of the Orcish Mines
 17547 | Orc:2    | Entered Level 2 of the Orcish Mines
 17547 | Orc:2    | Found Ashromma's General Store.
 17948 | Orc:2    | Found a staircase to the Elven Halls.
 17965 | Orc:2    | Noticed Sonja
 18046 | Orc:1    | Killed Sonja
 18275 | Orc:2    | Found Cemej's Book Boutique.
 18275 | Orc:2    | Found Nyruov's Distillery.
 18277 | Orc:2    | Found Sidgh's Jewellery Shoppe.
 18279 | Orc:2    | Found Ciprischash's Weapon Shop.
 18301 | Orc:2    | Lost mutation: You passively map a large area around you.
                  | [Jiyva's grace]
 18301 | Orc:2    | Lost mutation: You have a small jelly attached to you that
                  | senses nearby items. [Jiyva's grace]
 18301 | Orc:2    | Lost mutation: Your melee attacks may engulf your foes in
                  | ooze. [Jiyva's grace]
 18301 | Orc:2    | Gained mutation: Your translucent skin slightly reduces
                  | your foes' accuracy. (Stealth+) [Jiyva's grace]
 18301 | Orc:2    | Gained mutation: Your translucent skin reduces your foes'
                  | accuracy. (Stealth+) [Jiyva's grace]
 18301 | Orc:2    | Gained mutation: Your transparent skin significantly
                  | reduces your foes' accuracy. (Stealth+) [Jiyva's grace]
 18301 | Orc:2    | Gained mutation: You have large cloven feet. [Jiyva's
                  | grace]
 18359 | Orc:2    | Bought a scroll of identify for 30 gold pieces
 18474 | Orc:2    | Bought a potion of curing for 51 gold pieces
 18474 | Orc:2    | Bought a potion of curing for 51 gold pieces
 18474 | Orc:2    | Bought a potion of heal wounds for 85 gold pieces
 18474 | Orc:2    | Bought a potion of haste for 170 gold pieces
 19118 | D:12     | Found a gate leading to a gauntlet.
 19127 | Gauntlet | Entered a Gauntlet
 19127 | Gauntlet | Found a transporter.
 19134 | Gauntlet | Found a transporter.
 19136 | Gauntlet | Found a transporter.
 19147 | Gauntlet | Found a transporter.
 19147 | Gauntlet | Found the +6 Majin-Bo {vamp, MP+6 Int+6}
 19149 | Gauntlet | Found a transporter.
 19158 | Gauntlet | Found a transporter.
 19174 | Gauntlet | Found a transporter.
 19181 | Gauntlet | Found a runed translucent door.
 19185 | Gauntlet | Found a transporter.
 19194 | Gauntlet | Found a transporter.
 19208 | Gauntlet | Found a transporter.
 19217 | Gauntlet | Found a transporter.
 19219 | Gauntlet | Found a transporter.
 19312 | Gauntlet | Found a transporter.
 19315 | Gauntlet | Found a transporter.
 19615 | Gauntlet | Identified the ring "Dyasch" {rElec Will+ rCorr Str+7
                  | Int-4}
 19737 | Gauntlet | Identified the +1 ring mail "Baysauxa" {rElec Str+2}
 19912 | D:12     | Lost mutation: You have a pair of large horns on your head.
                  | [Jiyva's grace]
 19912 | D:12     | Lost mutation: You passively map the area around you.
                  | [Jiyva's grace]
 19912 | D:12     | Lost mutation: You are extremely robust. (+30% HP) [Jiyva's
                  | grace]
 19912 | D:12     | Lost mutation: Your body has grown eyes which may confuse
                  | attackers. (Acc +3) [Jiyva's grace]
 19912 | D:12     | Gained mutation: You are covered in slimy tendrils that may
                  | disarm your opponents. [Jiyva's grace]
 19912 | D:12     | Gained mutation: Armour fits poorly on your pseudopods.
                  | [Jiyva's grace]
 19912 | D:12     | Gained mutation: Armour fits poorly on your large
                  | pseudopods. [Jiyva's grace]
 19912 | D:12     | Gained mutation: Armour fits poorly on your massive
                  | pseudopods. [Jiyva's grace]
 20628 | D:13     | Found a gate to the Vaults.
 21112 | D:14     | Noticed Frances
 21128 | D:14     | Killed Frances
 21263 | D:14     | Noticed Azrael
 21276 | D:14     | Killed Azrael
 21301 | D:14     | Found Hiask's Weapon Shoppe.
 21301 | D:14     | Found Iroq's Armour Boutique.
 21303 | D:14     | Found Zacu's Book Shop.
 21305 | D:14     | Found Tesiosm's Antique Armour Shoppe.
 21305 | D:14     | Found Doschufun's Jewellery Boutique.
 21314 | D:14     | Reached XP level 16. HP: 150/150 MP: 31/31
 21723 | D:15     | Entered Level 15 of the Dungeon
 21723 | D:15     | Lost mutation: Your flesh is heat resistant. (rF+) [Jiyva's
                  | grace]
 21723 | D:15     | Lost mutation: You passively map a small area around you.
                  | [Jiyva's grace]
 21723 | D:15     | Lost mutation: Armour fits poorly on your massive
                  | pseudopods. [Jiyva's grace]
 21723 | D:15     | Gained mutation: Your melee attacks may engulf your foes in
                  | ooze. [Jiyva's grace]
 21723 | D:15     | Gained mutation: You have a small jelly attached to you
                  | that senses nearby items. [Jiyva's grace]
 21723 | D:15     | Gained mutation: Your mind is acute. (Int +4, Str/Dex -1)
                  | [Jiyva's grace]
 21723 | D:15     | Gained mutation: Your mind is very acute. (Int +8, Str/Dex
                  | -2) [Jiyva's grace]
 22061 | D:15     | Found a staircase to the Depths.
 22348 | D:15     | Found a shimmering altar of Xom.
 22736 | Swamp:1  | Entered Level 1 of the Swamp
 22805 | Slime:1  | Entered Level 1 of the Pits of Slime
 22809 | Slime:1  | Noticed an acid blob
 22900 | Slime:1  | Noticed an acid blob
 22930 | Slime:1  | Noticed an azure jelly
 23160 | Slime:2  | Noticed a rockslime
 23376 | Slime:3  | Noticed an acid blob
 23389 | Slime:3  | Noticed an acid blob
 23416 | Slime:3  | Noticed a rockslime
 23418 | Slime:3  | Noticed an azure jelly
 23474 | Slime:4  | Noticed an azure jelly
 23477 | Slime:4  | Noticed an acid blob
 23478 | Slime:4  | Noticed an acid blob
 23805 | Slime:5  | Entered Level 5 of the Pits of Slime
 23805 | Slime:5  | Noticed an azure jelly
 23807 | Slime:5  | Noticed an acid blob
 23808 | Slime:5  | Noticed an azure jelly
 23824 | Slime:5  | Found a viscous altar of Jiyva.
 23825 | Slime:5  | Noticed an acid blob
 23826 | Slime:5  | Noticed an acid blob
 23826 | Slime:5  | Noticed an acid blob
 23826 | Slime:5  | Noticed an acid blob
 23826 | Slime:5  | Noticed an acid blob
 23828 | Slime:5  | Noticed an azure jelly
 23830 | Slime:5  | Noticed an azure jelly
 23832 | Slime:5  | Got a slimy rune of Zot
 23833 | Slime:5  | Identified the ring "Epsazux" {Wiz rF- Will++ Dex+5}
 23833 | Slime:5  | Noticed the Royal Jelly
 23835 | Slime:5  | Identified the +1 pair of boots "Ihiahoydyr" {*Corrode
                  | Regen+ Int+4}
 23836 | Slime:5  | Noticed an acid blob
 23845 | Slime:5  | Identified the +2 robe "Zifam" {rN+}
 23848 | Slime:5  | Noticed an acid blob
 23855 | Slime:5  | Identified the +0 helmet "Paj Fisi" {rN++}
 23865 | Slime:5  | Got Ceps's Almanac of the Tainted Birds
 23866 | Slime:5  | Identified the +7 war axe of Pykkufu {vorpal, rPois Int+4
                  | Dex+3}
 23868 | Slime:5  | Identified the amulet of Otaethroa {RegenMP Fly}
 23888 | Slime:5  | Identified the +0 ring mail of the Stars {Int+8 Dex-5}
 23896 | Slime:5  | Noticed an azure jelly
 23896 | Slime:5  | Noticed an azure jelly
 23920 | Slime:5  | Noticed an acid blob
 24484 | Swamp:1  | Noticed a tentacled monstrosity
 24502 | Swamp:1  | Killed a tentacled monstrosity
 24814 | Swamp:2  | Identified the +5 ring mail of the Harvest Moon {Drain rF-
                  | Str+7 Int+4}
 24903 | Swamp:2  | Noticed a thorn hunter
 24919 | Swamp:2  | Killed a thorn hunter
 25096 | Swamp:2  | Lost mutation: Your transparent skin significantly reduces
                  | your foes' accuracy. (Stealth+) [Jiyva's grace]
 25096 | Swamp:2  | Lost mutation: You are covered in slimy tendrils that may
                  | disarm your opponents. [Jiyva's grace]
 25096 | Swamp:2  | Lost mutation: You have a small jelly attached to you that
                  | senses nearby items. [Jiyva's grace]
 25096 | Swamp:2  | Lost mutation: Your melee attacks may engulf your foes in
                  | ooze. [Jiyva's grace]
 25096 | Swamp:2  | Gained mutation: Your body has grown eyes which may confuse
                  | attackers. (Acc +3) [Jiyva's grace]
 25096 | Swamp:2  | Gained mutation: Your body has grown many eyes which may
                  | confuse attackers. (Acc +5) [Jiyva's grace]
 25096 | Swamp:2  | Gained mutation: Your body is covered in eyes which may
                  | confuse attackers. (Acc +7, SInv) [Jiyva's grace]
 25096 | Swamp:2  | Gained mutation: Your melee attacks may engulf your foes in
                  | ooze. [Jiyva's grace]
 25474 | Swamp:3  | Reached XP level 17. HP: 128/159 MP: 33/33
 25540 | Swamp:3  | Identified a scroll of acquirement
 25541 | Swamp:3  | Acquired 744 gold pieces
 25710 | Swamp:3  | Reached skill level 10 in Conjurations
 25710 | Swamp:3  | Reached skill level 10 in Hexes
 25710 | Swamp:3  | Reached skill level 10 in Summonings
 25710 | Swamp:3  | Reached skill level 10 in Necromancy
 25710 | Swamp:3  | Reached skill level 10 in Translocations
 25710 | Swamp:3  | Reached skill level 10 in Transmutations
 25710 | Swamp:3  | Reached skill level 10 in Ice Magic
 25710 | Swamp:3  | Reached skill level 10 in Air Magic
 25710 | Swamp:3  | Reached skill level 10 in Earth Magic
 25710 | Swamp:3  | Reached skill level 10 in Poison Magic
 25733 | Swamp:3  | Learned a level 5 spell: Summon Forest
 25738 | Swamp:3  | Learned a level 4 spell: Fulminant Prism
 25744 | Swamp:3  | Learned a level 5 spell: Borgnjor's Vile Clutch
 25749 | Swamp:3  | Learned a level 4 spell: Summon Lightning Spire
 25756 | Swamp:3  | Learned a level 6 spell: Simulacrum
 25763 | Swamp:3  | Learned a level 6 spell: Eringya's Noxious Bog
 26071 | Swamp:4  | Entered Level 4 of the Swamp
 26196 | Swamp:4  | Noticed the 27-headed Lernaean hydra
 26223 | Swamp:4  | Killed the 27-headed Lernaean hydra
 26334 | Swamp:4  | Got a decaying rune of Zot
 27044 | Spider:1 | Entered Level 1 of the Spider Nest
 27046 | Spider:1 | Identified the +2 war axe of Discord {freeze, rN+ Dex+3}
 27051 | Spider:1 | Lost mutation: You have a pair of horns on your head.
                  | [Jiyva's grace]
 27051 | Spider:1 | Lost mutation: You have a pair of small horns on your head.
                  | [Jiyva's grace]
 27051 | Spider:1 | Lost mutation: Your body is covered in eyes which may
                  | confuse attackers. (Acc +7, SInv) [Jiyva's grace]
 27051 | Spider:1 | Lost mutation: Armour fits poorly on your large pseudopods.
                  | [Jiyva's grace]
 27051 | Spider:1 | Gained mutation: Armour fits poorly on your large
                  | pseudopods. [Jiyva's grace]
 27051 | Spider:1 | Gained mutation: Armour fits poorly on your massive
                  | pseudopods. [Jiyva's grace]
 27051 | Spider:1 | Gained mutation: Your muscles are strong. (Str +4, Int/Dex
                  | -1) [Jiyva's grace]
 27051 | Spider:1 | Gained mutation: Your muscles are very strong. (Str +8,
                  | Int/Dex -2) [Jiyva's grace]
 27052 | Spider:1 | Got Ogihic's Folio of Searing Assembling
 27531 | D:2      | Bought a +0 helmet of see invisible for 126 gold pieces
 28837 | Spider:2 | Reached XP level 18. HP: 110/164 MP: 34/34
 29969 | Spider:3 | Lost mutation: Your mind is very acute. (Int +8, Str/Dex
                  | -2) [Jiyva's grace]
 29969 | Spider:3 | Lost mutation: Your natural rate of healing is unusually
                  | fast. [Jiyva's grace]
 29969 | Spider:3 | Lost mutation: You have acidic saliva. [Jiyva's grace]
 29969 | Spider:3 | Lost mutation: Your body has grown many eyes which may
                  | confuse attackers. (Acc +5) [Jiyva's grace]
 29969 | Spider:3 | Lost mutation: Armour fits poorly on your massive
                  | pseudopods. [Jiyva's grace]
 29969 | Spider:3 | Gained mutation: You are agile. (Dex +4, Str/Int -1)
                  | [Jiyva's grace]
 29969 | Spider:3 | Gained mutation: You are very agile. (Dex +8, Str/Int -2)
                  | [Jiyva's grace]
 29969 | Spider:3 | Gained mutation: You expend magic power (3 MP) to
                  | strengthen your wands. [Jiyva's grace]
 29969 | Spider:3 | Gained mutation: You have sharp fingernails. [Jiyva's
                  | grace]
 30028 | Spider:4 | Entered Level 4 of the Spider Nest
 30657 | Spider:4 | Got a gossamer rune of Zot
 31339 | Vaults:1 | Entered Level 1 of the Vaults
 31774 | Vaults:1 | Reached XP level 19. HP: 152/180 MP: 29/36
 32142 | Vaults:1 | Found Sooleap's Book Shop.
 32331 | Vaults:1 | Found Hitzuji's Antique Armour Shoppe.
 32341 | Vaults:1 | Bought a pair of glowing boots for 225 gold pieces
 32460 | Vaults:1 | Found Luzax's Assorted Antiques.
 32468 | Vaults:1 | Bought a scroll of blinking for 225 gold pieces
 32468 | Vaults:1 | Bought a scroll of identify for 60 gold pieces
 32468 | Vaults:1 | Bought 2 dark potions for 54 gold pieces
 32469 | Vaults:1 | Reached XP level 20. HP: 189/189 MP: 37/37
 32470 | Vaults:1 | Reached skill level 15 in Dodging
 32470 | Vaults:1 | Reached XP level 21. HP: 196/196 MP: 38/38
 32947 | Vaults:2 | Found Affywn's Weapon Boutique.
 32948 | Vaults:2 | Found Apaoriw's Book Emporium.
 33042 | Vaults:2 | Reached skill level 15 in Invocations
 33086 | Vaults:2 | Found Gallu's Assorted Antiques.
 33086 | Vaults:2 | Lost mutation: You are very agile. (Dex +8, Str/Int -2)
                  | [Jiyva's grace]
 33086 | Vaults:2 | Lost mutation: You are very robust. (+20% HP) [Jiyva's
                  | grace]
 33086 | Vaults:2 | Lost mutation: Your muscles are very strong. (Str +8,
                  | Int/Dex -2) [Jiyva's grace]
 33086 | Vaults:2 | Lost mutation: Your body has grown eyes which may confuse
                  | attackers. (Acc +3) [Jiyva's grace]
 33086 | Vaults:2 | Lost mutation: Your translucent skin reduces your foes'
                  | accuracy. (Stealth+) [Jiyva's grace]
 33086 | Vaults:2 | Lost mutation: Your melee attacks may engulf your foes in
                  | ooze. [Jiyva's grace]
 33086 | Vaults:2 | Gained mutation: You possess an exceptional clarity of
                  | mind. [Jiyva's grace]
 33086 | Vaults:2 | Gained mutation: You have extremely sharp teeth. [Jiyva's
                  | grace]
 33086 | Vaults:2 | Gained mutation: You have razor-sharp teeth. [Jiyva's
                  | grace]
 33086 | Vaults:2 | Gained mutation: You have an increased reservoir of magic.
                  | (+10% MP) [Jiyva's grace]
 33090 | Vaults:2 | Bought a potion of haste for 300 gold pieces
 33090 | Vaults:2 | Bought a potion of resistance for 300 gold pieces
 33143 | Vaults:2 | Found Lisinlao's Antique Weapon Emporium.
 33268 | Vaults:2 | Found a staircase to the Crypt.
 33268 | Vaults:2 | Found an ancient bone altar of Kikubaaqudgha.
 33269 | Vaults:2 | Found a basalt altar of Yredelemnul.
 33495 | Vaults:2 | Found the +1 robe of Vines {NoPotionHeal Regen++++}
 33541 | Vaults:2 | Found Ecked Ema's Weapon Shop.
 34266 | Vaults:3 | Noticed Nikola
 34279 | Vaults:3 | Killed Nikola
 34853 | Vaults:3 | Lost mutation: You have razor-sharp teeth. [Jiyva's grace]
 34853 | Vaults:3 | Lost mutation: You are agile. (Dex +4, Str/Int -1) [Jiyva's
                  | grace]
 34853 | Vaults:3 | Lost mutation: You have an increased reservoir of magic.
                  | (+10% MP) [Jiyva's grace]
 34853 | Vaults:3 | Gained mutation: You are somewhat resistant to further
                  | mutation. [Jiyva's grace]
 34853 | Vaults:3 | Gained mutation: You are somewhat resistant to both further
                  | mutation and mutation removal. [Jiyva's grace]
 34853 | Vaults:3 | Gained mutation: You are almost entirely resistant to
                  | further mutation and mutation removal. [Jiyva's grace]
 34853 | Vaults:3 | Gained mutation: You are covered in slimy tendrils that may
                  | disarm your opponents. [Jiyva's grace]
 35654 | Vaults:4 | Reached XP level 22. HP: 190/190 MP: 40/40
 36709 | Vaults:4 | Lost mutation: You have large cloven feet. [Jiyva's grace]
 36709 | Vaults:4 | Lost mutation: Your mind is acute. (Int +4, Str/Dex -1)
                  | [Jiyva's grace]
 36709 | Vaults:4 | Lost mutation: You are almost entirely resistant to further
                  | mutation and mutation removal. [Jiyva's grace]
 36709 | Vaults:4 | Lost mutation: Your translucent skin slightly reduces your
                  | foes' accuracy. (Stealth+) [Jiyva's grace]
 36709 | Vaults:4 | Lost mutation: You are covered in slimy tendrils that may
                  | disarm your opponents. [Jiyva's grace]
 36709 | Vaults:4 | Gained mutation: Your mind is acute. (Int +4, Str/Dex -1)
                  | [Jiyva's grace]
 36709 | Vaults:4 | Gained mutation: Your mind is very acute. (Int +8, Str/Dex
                  | -2) [Jiyva's grace]
 36709 | Vaults:4 | Gained mutation: Your natural rate of healing is unusually
                  | fast. [Jiyva's grace]
 36709 | Vaults:4 | Gained mutation: You heal very quickly. [Jiyva's grace]
 37463 | Lair:1   | Killed yourfavgirlally's ghost
 37809 | Lair:4   | Killed Selrock's ghost
 38031 | Vaults:1 | Bought a book of Beasts for 646 gold pieces
 38037 | Vaults:1 | Learned a level 5 spell: Summon Mana Viper
 38201 | Elf:1    | Entered Level 1 of the Elven Halls
 38207 | Elf:1    | Reached skill level 15 in Spellcasting
 38249 | Elf:1    | Found Zusuel's Magic Scroll Shop.
 38261 | Elf:1    | Reached skill level 15 in Fighting
 38261 | Elf:1    | Reached skill level 15 in Staves
 38301 | Elf:1    | Bought a scroll of teleportation for 45 gold pieces
 38301 | Elf:1    | Bought a scroll of teleportation for 45 gold pieces
 38301 | Elf:1    | Bought a scroll of magic mapping for 112 gold pieces
 38301 | Elf:1    | Bought a scroll of enchant armour for 112 gold pieces
 38301 | Elf:1    | Bought a scroll of blinking for 112 gold pieces
 38512 | Elf:1    | Identified the +1 robe of the Pits of Slime {rPois
                  | Archmagi}
 39224 | Elf:2    | Paralysed by an air elemental for 1 turns
 39314 | Elf:2    | Paralysed by an air elemental for 1 turns
 39357 | Elf:2    | Found a runed translucent gate.
 39358 | Elf:2    | Found a runed translucent gate.
 39358 | Elf:2    | Found a runed translucent gate.
 39485 | Elf:2    | Lost mutation: Your mind is very acute. (Int +8, Str/Dex
                  | -2) [Jiyva's grace]
 39485 | Elf:2    | Lost mutation: You heal very quickly. [Jiyva's grace]
 39485 | Elf:2    | Lost mutation: Your muscles are strong. (Str +4, Int/Dex
                  | -1) [Jiyva's grace]
 39485 | Elf:2    | Gained mutation: You are agile. (Dex +4, Str/Int -1)
                  | [Jiyva's grace]
 39485 | Elf:2    | Gained mutation: You are very agile. (Dex +8, Str/Int -2)
                  | [Jiyva's grace]
 39485 | Elf:2    | Gained mutation: You have a small jelly attached to you
                  | that may absorb projectiles. [Jiyva's grace]
 39485 | Elf:2    | Gained mutation: You have a pair of small horns on your
                  | head. [Jiyva's grace]
 39533 | Elf:2    | Noticed Jorgrun
 39551 | Elf:2    | Killed Jorgrun
 39700 | Elf:2    | Reached skill level 15 in Short Blades
 39700 | Elf:2    | Reached skill level 15 in Long Blades
 39700 | Elf:2    | Reached skill level 15 in Axes
 39700 | Elf:2    | Reached skill level 15 in Maces & Flails
 39700 | Elf:2    | Reached skill level 15 in Polearms
 39700 | Elf:2    | Reached skill level 15 in Ranged Weapons
 39700 | Elf:2    | Reached skill level 15 in Throwing
 39700 | Elf:2    | Reached skill level 15 in Armour
 39700 | Elf:2    | Reached skill level 15 in Stealth
 39700 | Elf:2    | Reached skill level 15 in Shields
 39700 | Elf:2    | Reached skill level 15 in Unarmed Combat
 39700 | Elf:2    | Reached skill level 15 in Evocations
 39766 | Elf:2    | Noticed Asterion
 39778 | Elf:2    | Killed Asterion
 39810 | Elf:2    | Reached XP level 23. HP: 199/199 MP: 42/42
 40108 | Elf:3    | Entered Level 3 of the Elven Halls
 40425 | Elf:3    | Learned a level 3 spell: Ignite Poison
 40692 | Elf:3    | Identified the +1 ring mail "Veoprela" {*Slow Will+++
                  | Regen+ rCorr}
 40699 | Elf:3    | Got Sif Muna's Grimoire of Darkness and the Brume
 40917 | Elf:3    | Identified the +1 robe of Ruolec {Str+2}
 41509 | Depths:1 | Entered Level 1 of the Depths
 41547 | Depths:1 | Found a stormy altar of Qazlal.
 41598 | Depths:1 | Lost mutation: You have extremely sharp teeth. [Jiyva's
                  | grace]
 41598 | Depths:1 | Lost mutation: Your mind is acute. (Int +4, Str/Dex -1)
                  | [Jiyva's grace]
 41598 | Depths:1 | Gained mutation: You heal very quickly. [Jiyva's grace]
 41598 | Depths:1 | Gained mutation: You regenerate. [Jiyva's grace]
 41598 | Depths:1 | Lost mutation: You are somewhat resistant to both further
                  | mutation and mutation removal. [Jiyva's grace]
 41598 | Depths:1 | Lost mutation: You are somewhat resistant to further
                  | mutation. [Jiyva's grace]
 41598 | Depths:1 | Gained mutation: You have hidden genetic potential.
                  | [Jiyva's grace]
 41598 | Depths:1 | Gained mutation: You have great hidden genetic potential.
                  | [Jiyva's grace]
 41654 | Depths:1 | Found Kocaps's Tremendous Tomes.
 41723 | Depths:1 | Found a gateway to Hell.
 42037 | Depths:1 | Found Meeng's Jewellery Shop.
 42037 | Depths:1 | Found Nytiserch's Book Shoppe.
 42038 | Depths:1 | Found Hovul Eno's Jewellery Shop.
 42048 | Depths:1 | Bought an amulet of reflection for 630 gold pieces
 42150 | Depths:1 | Noticed a golden dragon
 42204 | Depths:1 | Killed a golden dragon
 42228 | Depths:1 | Paralysed by a sphinx for 2 turns
 42275 | Depths:1 | Noticed a juggernaut
 42315 | Depths:1 | Killed a juggernaut
 42341 | Depths:1 | Paralysed by a sphinx for 2 turns
 42438 | Depths:1 | Identified the +6 plate armour of the Wasteland {Rampage
                  | rElec SInv}
 42839 | Vaults:5 | Entered Level 5 of the Vaults
 42839 | Vaults:5 | Noticed an ancient lich
 42867 | Vaults:5 | Reached skill level 15 in Fire Magic
 42867 | Vaults:5 | Reached XP level 24. HP: 163/210 MP: 34/43
 42882 | Vaults:5 | Killed an ancient lich
 43147 | Vaults:5 | Identified the ring of Kodo {Fly Str+2 Dex+4}
 43161 | Vaults:5 | Found Alyum's Antique Armour Emporium.
 43168 | Vaults:5 | Found Giruxtai's Antique Armour Boutique.
 43420 | Vaults:5 | Found Testreud's Antique Armour Boutique.
 43468 | Vaults:5 | Gained mutation: You are partially covered in iridescent
                  | scales. (AC +2) [hidden potential]
 43477 | Vaults:5 | Identified the -2 pair of gloves of Grottiness {Will+}
 43581 | Vaults:5 | Identified the +5 morningstar of Ehetheyq {drain, Int+4
                  | Dex+3}
 43757 | Vaults:5 | Found the +0 staff of Battle
 43763 | Vaults:5 | Found the +9 scales of the Dragon King {rPois rF+ rC+
                  | Will+}
 44065 | Vaults:5 | Got a silver rune of Zot
 44423 | Vaults:5 | Identified the +2 leather armour "Baawin Qiher" {Fly rPois
                  | rN+++}
 45292 | Depths:2 | Lost mutation: You are partially covered in iridescent
                  | scales. (AC +2) [Jiyva's grace]
 45292 | Depths:2 | Lost mutation: You regenerate. [Jiyva's grace]
 45292 | Depths:2 | Lost mutation: Armour fits poorly on your large pseudopods.
                  | [Jiyva's grace]
 45292 | Depths:2 | Lost mutation: You have great hidden genetic potential.
                  | [Jiyva's grace]
 45292 | Depths:2 | Lost mutation: You have a small jelly attached to you that
                  | may absorb projectiles. [Jiyva's grace]
 45292 | Depths:2 | Lost mutation: You expend magic power (3 MP) to strengthen
                  | your wands. [Jiyva's grace]
 45292 | Depths:2 | Gained mutation: Your spells are a little harder to cast,
                  | but a little more powerful. [Jiyva's grace]
 45292 | Depths:2 | Gained mutation: Your spells are harder to cast, but more
                  | powerful. [Jiyva's grace]
 45292 | Depths:2 | Gained mutation: Your spells are much harder to cast, but
                  | much more powerful. [Jiyva's grace]
 45292 | Depths:2 | Lost mutation: You have hidden genetic potential. [Jiyva's
                  | grace]
 45292 | Depths:2 | Gained mutation: You are somewhat resistant to further
                  | mutation. [Jiyva's grace]
 45321 | Depths:2 | Reached XP level 25. HP: 189/218 MP: 39/43
 45382 | Depths:2 | Noticed Bai Suzhen
 45403 | Depths:2 | Killed Bai Suzhen
 45419 | Depths:2 | Was placed under penance by Jiyva
 45933 | Depths:2 | Found a shadowy altar of Dithmenos.
 46047 | Depths:2 | Noticed a juggernaut
 46055 | Depths:2 | Found a bloodstained altar of Trog.
 46055 | Depths:2 | Found the +8 Wrath of Trog {antimagic, *Rage Rampage}
 46097 | Depths:2 | Found a corrupted altar of Lugonu.
 46120 | Depths:2 | Was forgiven by Jiyva
 46123 | Depths:2 | Found a transporter.
 46131 | Depths:2 | Found a transporter.
 46452 | Depths:2 | Found a one-way gate leading to the halls of Pandemonium.
 46613 | Depths:3 | Found Qominudd's Antique Weapon Shop.
 47405 | Depths:4 | Entered Level 4 of the Depths
 48105 | Depths:4 | Reached XP level 26. HP: 202/229 MP: 43/44
 48182 | Depths:4 | Found a runed translucent door.
 48182 | Depths:4 | Found a runed translucent door.
 48222 | Depths:4 | Found a runed translucent door.
 48303 | Depths:4 | Found a runed translucent door.
 48322 | Depths:4 | Found a gate to the Realm of Zot.
 48323 | Depths:4 | Found a runed translucent door.
 48422 | Depths:4 | Found a runed translucent door.
 48534 | Depths:4 | Found a one-way gateway to a ziggurat.
 48669 | Depths:4 | Lost mutation: You are very agile. (Dex +8, Str/Int -2)
                  | [Jiyva's grace]
 48669 | Depths:4 | Lost mutation: You possess an exceptional clarity of mind.
                  | [Jiyva's grace]
 48669 | Depths:4 | Lost mutation: You heal very quickly. [Jiyva's grace]
 48669 | Depths:4 | Lost mutation: You are robust. (+10% HP) [Jiyva's grace]
 48669 | Depths:4 | Lost mutation: Your spells are much harder to cast, but
                  | much more powerful. [Jiyva's grace]
 48669 | Depths:4 | Lost mutation: Armour fits poorly on your pseudopods.
                  | [Jiyva's grace]
 48669 | Depths:4 | Gained mutation: You are covered in slimy tendrils that may
                  | disarm your opponents. [Jiyva's grace]
 48669 | Depths:4 | Gained mutation: Your mind is acute. (Int +4, Str/Dex -1)
                  | [Jiyva's grace]
 48669 | Depths:4 | Gained mutation: Your mind is very acute. (Int +8, Str/Dex
                  | -2) [Jiyva's grace]
 48669 | Depths:4 | Gained mutation: You possess an exceptional clarity of
                  | mind. [Jiyva's grace]
 49486 | Crypt:1  | Entered Level 1 of the Crypt
 50613 | Crypt:2  | Noticed a royal mummy
 50622 | Crypt:2  | Noticed Khufu
 50743 | Crypt:1  | Killed Khufu
 50902 | Crypt:2  | Noticed Mennas
 50905 | Crypt:2  | Lost mutation: You have sharp fingernails. [Jiyva's grace]
 50905 | Crypt:2  | Lost mutation: Your mind is very acute. (Int +8, Str/Dex
                  | -2) [Jiyva's grace]
 50905 | Crypt:2  | Lost mutation: You are covered in slimy tendrils that may
                  | disarm your opponents. [Jiyva's grace]
 50905 | Crypt:2  | Gained mutation: You are robust. (+10% HP) [Jiyva's grace]
 50905 | Crypt:2  | Gained mutation: You are very robust. (+20% HP) [Jiyva's
                  | grace]
 50905 | Crypt:2  | Gained mutation: You are extremely robust. (+30% HP)
                  | [Jiyva's grace]
 50905 | Crypt:2  | Gained mutation: You are partially covered in iridescent
                  | scales. (AC +2) [Jiyva's grace]
 50936 | Crypt:2  | Killed Mennas
 50990 | Crypt:2  | Reached skill level 15 in Conjurations
 50990 | Crypt:2  | Reached skill level 15 in Hexes
 50990 | Crypt:2  | Reached skill level 15 in Summonings
 50990 | Crypt:2  | Reached skill level 15 in Necromancy
 50990 | Crypt:2  | Reached skill level 15 in Translocations
 50990 | Crypt:2  | Reached skill level 15 in Transmutations
 50990 | Crypt:2  | Reached skill level 15 in Ice Magic
 50990 | Crypt:2  | Reached skill level 15 in Air Magic
 50990 | Crypt:2  | Reached skill level 15 in Earth Magic
 50990 | Crypt:2  | Reached skill level 15 in Poison Magic
 51159 | Crypt:2  | Noticed Grunn
 51461 | Crypt:2  | Killed a royal mummy
 51712 | Crypt:3  | Entered Level 3 of the Crypt
 52271 | Crypt:3  | Noticed Frederick
 52276 | Crypt:3  | Killed Frederick
 52465 | Crypt:3  | Found a staircase to the Tomb.
 53108 | Crypt:3  | Found an ancient bone altar of Kikubaaqudgha.
 53297 | Crypt:3  | Noticed a royal mummy
 53309 | Crypt:3  | Identified the +8 rapier of the Pariah {freeze, Str+5
                  | Int-2}
 53897 | Crypt:3  | Reached XP level 27. HP: 127/260 MP: 45/45
 53972 | Crypt:3  | Killed a royal mummy
 54080 | Crypt:3  | Lost mutation: You have a pair of small horns on your head.
                  | [Jiyva's grace]
 54080 | Crypt:3  | Lost mutation: You are agile. (Dex +4, Str/Int -1) [Jiyva's
                  | grace]
 54080 | Crypt:3  | Gained mutation: You are covered in fur. (AC +1) [Jiyva's
                  | grace]
 54080 | Crypt:3  | Gained mutation: You are covered in thick fur. (AC +2)
                  | [Jiyva's grace]
 54080 | Crypt:3  | Gained mutation: Your thick and shaggy fur keeps you warm.
                  | (AC +3, rC+) [Jiyva's grace]
 54080 | Crypt:3  | Gained mutation: Your body has grown eyes which may confuse
                  | attackers. (Acc +3) [Jiyva's grace]
 54100 | Crypt:3  | Got the Meditations on Evil Mysteries
 54110 | Crypt:3  | Learned a level 5 spell: Yara's Violent Unravelling
 54117 | Crypt:3  | Learned a level 6 spell: Statue Form
 54123 | Crypt:3  | Learned a level 5 spell: Manifold Assault
 54127 | Crypt:3  | Learned a level 3 spell: Ozocubu's Armour
 54437 | D:14     | Bought a book of Blood for 448 gold pieces
 54440 | D:14     | Learned a level 2 spell: Wereblood
 54649 | Vaults:1 | Bought a translucent helmet for 285 gold pieces
 54649 | Vaults:1 | Identified the +1 helmet of Dishonesty {+Blink Dex+4} (You
                  | bought it in a shop on level 1 of the Vaults)
 54952 | Zot:1    | Entered Level 1 of the Realm of Zot
 57022 | Zot:3    | HP: 9/284 [red draconian scorcher/fireball[a black
                  | draconian knight] (21)]
 57023 | Zot:3    | HP: 4/284 [black draconian/bolt of lightning[a black
                  | draconian knight] (8)]
 57613 | Zot:3    | Lost mutation: You possess an exceptional clarity of mind.
                  | [Jiyva's grace]
 57613 | Zot:3    | Lost mutation: You are extremely robust. (+30% HP) [Jiyva's
                  | grace]
 57613 | Zot:3    | Lost mutation: You are very robust. (+20% HP) [Jiyva's
                  | grace]
 57613 | Zot:3    | Gained mutation: You expend magic power (3 MP) to
                  | strengthen your wands. [Jiyva's grace]
 57613 | Zot:3    | Gained mutation: You have acidic saliva. [Jiyva's grace]
 57613 | Zot:3    | Gained mutation: Your flesh is heat resistant. (rF+)
                  | [Jiyva's grace]
 57613 | Zot:3    | Gained mutation: Your flesh is very heat resistant. (rF++)
                  | [Jiyva's grace]
 59120 | Zot:4    | Noticed Vv
 59121 | Zot:4    | HP: 9/242 [golden dragon/bolt of cold (7)]
 59437 | Zot:4    | Killed Vv
 60349 | Zot:5    | Entered Level 5 of the Realm of Zot
 61023 | Zot:5    | Learned a level 2 spell: Blink
 61172 | Zot:5    | Noticed a dread lich
 61189 | Zot:5    | Killed a dread lich
 61258 | Zot:5    | Noticed an ancient lich
 61274 | Zot:5    | Noticed an orb of fire
 61303 | Zot:5    | Noticed a dread lich
 61304 | Zot:5    | Killed an ancient lich
 61310 | Zot:5    | Killed an orb of fire
 61334 | Zot:5    | Killed a dread lich
 61368 | Zot:5    | Noticed a dread lich
 61377 | Zot:5    | Noticed a dread lich
 61414 | Zot:5    | Gained mutation: Armour fits poorly on your strangely
                  | shaped body. [mutagenic glow]
 61427 | Zot:5    | Noticed an orb of fire
 61449 | Zot:5    | Gained mutation: Your body sometimes deteriorates upon
                  | taking damage. [mutagenic glow]
 61455 | Zot:5    | Noticed an ancient lich
 61459 | Zot:5    | Killed from afar by a golden dragon

Illustrated notes

Levels and vault maps discovered:
D:1:      lightli_arrival_statue_moat, layout_basic
D:2:      layout_basic, dilly_ecumenical_altar_fadedgnrine, serial_shops, shop,
          nicolae_shop_behind_doors, nicolae_shop_trees, nicolae_lakefront_shop,
          nicolae_square_shop, minmay_pentomino_pile
D:3:      layout_basic
D:4:      minmay_evil_eye, layout_loops_ring,
          grunt_temple_overflow_order_and_chaos_2, general_overflow_altar,
          gammafunk_temple_overflow_claw, cheibrodos_sewer_entry_bend,
          chequers_serial_rivers_micro_d, minmay_crossroads
D:5:      layout_loops_corners, mainiacjoe_overflow_chevrons,
          chequers_hall_statues_y, minmay_fire_ice_demons
D:6:      layout_basic
D:7:      layout_layer_cave, cheibrodos_worm_habitat, minmay_temple_entry_wispy
D:8:      layout_gridville, mainiacjoe_overflow_concentric_impassable,
          feat_on_display
D:9:      layout_cave_pods, uniq_joseph
D:10:     nzn_winding_woodlands_three_and_one
          [nzn_winding_woodlands_5x15_concentric,
          nzn_winding_woodlands_5x15_split_checker,
          nzn_winding_woodlands_5x15_crooked,
          nzn_winding_woodlands_center_lodge], layout_layer_cave,
          statue_in_the_mist_lemuel
D:11:     minmay_the_grid_3x3 [minmay_the_grid_zigzag_pyramid,
          minmay_the_grid_holed_spiral, minmay_the_grid_embedded,
          minmay_the_grid_stretched_grid, minmay_the_grid_paths,
          minmay_the_grid_minigrid_medium, minmay_the_grid_slots,
          minmay_the_grid_spikes, minmay_the_grid_prize_shrinking_boxes],
          layout_long_grid, orc_0_dummy
D:12:     layout_cave_pods, gauntlet_entry_generic, bh_circular_ruins
D:13:     layout_rooms, david_vaults_4
D:14:     layout_long_grid, hangedman_decor_opposing, nicolae_wooded_promenade,
          uniq_frances, uniq_azrael
D:15:     gammafunk_depths_entry_grave, layout_cave_pools, xom_teletrap_fun
Lair:1:   lemuel_ratsnest, layout_layer_cave, ebering_ghost_reflecting_pool,
          nicolae_volcano_entry_lava_flow, minivault_19
Lair:2:   minmay_lair_oklob_tunnel, layout_gridlike, serial_bayou_pond_b
Lair:3:   layout_regular_city, swamp_mist_pool,
          nicolae_spider_entry_tight_spaces, serial_bayou_shore_a
Lair:4:   layout_cave_pods, dpeg_slime_entry_enclosed,
          hellmonk_ghost_happy_afterlife
Lair:5:   hellmonk_lair_end_abyssal_woods, layout_cave_pods, minivault_27,
          grunt_megastairs_5
Swamp:1:  layout_basic_swamp, nicolae_swamp_triple_paths
Swamp:2:  nicolae_swamp_ascending_descending, layout_basic_swamp,
          evilmike_swamp_ruin_house_6, infiniplex_staircase_pool
Swamp:3:  layout_basic_swamp, nicolae_swamp_dense_foliage, swamp_pool5
Swamp:4:  swamp_basic_johnstein, layout_basic_swamp, swamp_pool1
Spider:1: layout_spider_delve
Spider:2: layout_spider_delve
Spider:3: layout_spider_delve, hangedman_spider_tarantella_strand,
          nicolae_spider_cling_halls
Spider:4: floodkiller_spider_rune_tomb
Slime:1:  cheibrodos_slime_lost_civilization_2, layout_caves
Slime:2:  layout_caves, cheibrodos_slime_lost_civilization_5
Slime:3:  layout_caves
Slime:4:  layout_caves
Slime:5
Orc:1:    layout_caves, bh_open_orc_temple
Orc:2:    st_orc_rangers, layout_caves, serial_shops, shop, minmay_orc_keep,
          uniq_sonja
Elf:1:    eino_elf_arrival_shootout, layout_geoelf_grid, serial_shops,
          nicolae_shop_temple_entry_statues_fountains,
          hangedman_elven_crosses_minicolossus
Elf:2:    nicolae_elf_blades_crystal_corner, layout_loops_corners,
          uniq_asterion, uniq_jorgrun
Elf:3:    elf_hall, layout_geoelf_castle, eino_tiny_chamber
Vaults:1: v_misc_22, v_alt_pattern_4, vaults_room_boxed,
          hangedman_vaults_stagger, ontoclasm_vaults_pinch, v_misc_29,
          nicolae_vaults_network_periphery, nicolae_vaults_disjoint_gnomons,
          ontoclasm_vaults_spin, nicolae_vaults_rhombus_5,
          vaults_dpeg_emergency_exit, vaults_room_octagon, vaults_room_hallway,
          vaults_room_grid, nicolae_vaults_circle_grid_a, layout_vaults_omnibox,
          serial_shops, shop, nicolae_shop_stone, nicolae_square_shop,
          serial_glass
Vaults:2: nicolae_vaults_rhombus_5, vaults_dpeg_hooks, v_alt_pattern_2,
          minmay_crypt_entry_necro_gods, vaults_dpeg_doors,
          ontoclasm_vaults_decontamination, v_misc_22, v_rooms_1,
          vaults_room_hallway, nicolae_vaults_triangles, vaults_room_semicircle,
          vaults_room_pool, v_misc_9, grunt_vaults_bifocal,
          ontoclasm_vaults_chip, layout_vaults_maze, serial_shops,
          nicolae_shop_bloodbath_and_beyond, nicolae_diamond_shop,
          nicolae_shop_overgrown_old_shop, shop, shop
Vaults:3: vaults_dpeg_diagonal, v_misc_11, vaults_room_stairs_pillars,
          hangedman_vaults_snaps, v_misc_4, vaults_dpeg_encased_lava,
          nicolae_vaults_circle_grid_b, hangedman_vaults_hat,
          vaults_room_hangedman_quadrants, grunt_vaults_hallway_short,
          layout_vaults_chaotic_city, uniq_nikola
Vaults:4: nicolae_vaults_three_branches, vaults_mumra_lcd,
          nicolae_vaults_little_ls, v_pattern_2, ontoclasm_vaults_ring_large,
          nicolae_vaults_circle_grid_b, vaults_room_door_ring, serial_ice_b,
          nicolae_vaults_an_arrangement, v_misc_5, v_misc_12,
          dpeg_vaults_monster_box, vaults_mumra_hex, layout_vaults_omnicross
Vaults:5
Crypt:1:  layout_chaotic_city, grunt_ministairs_5
Crypt:2:  layout_gridlike, uniq_mennas, uniq_grunn, uniq_khufu
Crypt:3:  church_of_pain_bobbens, layout_chaotic_city, serial_glass,
          glass_columns_a, glass_columns_a, uniq_frederick
Depths:1: minmay_triangles_in_corner, layout_cave_pools, grunt_qazlal_clouds,
          serial_glass, glass_columns_a, glass_columns_a,
          hangedman_tar_grid_catacomb, corexii_corridor_pit,
          nicolae_shop_i_like_big_books, kennysheep_generic_room_6,
          minmay_shop_grove
Depths:2: emtedronai_trogs_sanctum, layout_basic, hell_entry,
          grunt_pan_entry_in_and_out, nicolae_dithmenos_through_a_glass_darkly,
          abyss_entry_flame_altar, infiniplex_staircase_river, uniq_bai_suzhen
Depths:3: kennysheep_windowed_halls, layout_cave_pools, serial_column_ruins,
          column_ruins_portal_astroid, column_ruins_hut_ruined,
          column_ruins_open_medium, column_ruins_open_tiny,
          column_ruins_open_small, column_ruins_open_tiny,
          column_ruins_corridor_corner, column_ruins_corridor_straight,
          rand_demon_pan_entry_8, hell_entry, serial_shops,
          nicolae_shop_crystal, minmay_room_of_horrors
Depths:4: evilmike_zot_entry_castle, layout_basic, enter_ziggurat_f, hell_entry,
          chequers_serial_rivers_marsh, abyss_entry, serial_bayou_lagoon_a
Zot:1:    kennysheep_spiral_hall, layout_misc_corridors
Zot:2:    layout_misc_corridors, kennysheep_underground_church
Zot:3:    layout_cathedral_of_symmetry, st_stairs_7, zot_minivault_7,
          grunt_megastairs_2
Zot:4:    layout_misc_corridors, uniq_vv
Zot:5:    layout_basic

Skill      XL: |  1  2  3  4  5  6  7  8  9 10 11 12 13 14 15 16 17 18 19 20 21 22 23 24 25 26 27 |
---------------+----------------------------------------------------------------------------------+-----
Invocations    | 1 2 3 4 5 6 7 8 9 10 11 12 13 14 15 16 17 18 19 20 | 20.7
Short Blades   | 1 2 3 5 6 7 8 9 10 11 12 13 14 15 16 17 19 | 19.1
Long Blades    | 1 2 3 5 6 7 8 9 10 11 12 13 14 15 16 17 19 | 19.1
Axes           | 1 2 3 5 6 7 8 9 10 11 12 13 14 15 16 17 19 | 19.1
Maces & Flails | 1 2 3 5 6 7 8 9 10 11 12 13 14 15 16 17 19 | 19.1
Polearms       | 1 2 3 5 6 7 8 9 10 11 12 13 14 15 16 17 19 | 19.1
Ranged Weapons | 1 2 3 5 6 7 8 9 10 11 12 13 14 15 16 17 19 | 19.1
Throwing       | 1 2 3 5 6 7 8 9 10 11 12 13 14 15 16 17 19 | 19.1
Armour         | 1 2 3 5 6 7 8 9 10 11 12 13 14 15 16 17 19 | 19.1
Stealth        | 1 2 3 5 6 7 8 9 10 11 12 13 14 15 16 17 19 | 19.1
Shields        | 1 2 3 5 6 7 8 9 10 11 12 13 14 15 16 17 19 | 19.1
Unarmed Combat | 1 2 3 5 6 7 8 9 10 11 12 13 14 15 16 17 19 | 19.1
Evocations     | 1 2 3 5 6 7 8 9 10 11 12 13 14 15 16 17 19 | 19.1
Spellcasting   | 3 4 5 6 7 8 9 10 11 12 13 14 15 16 17 18 19 | 19.3
Conjurations   | 1 2 3 4 5 6 7 8 9 10 11 12 13 14 15 16 | 16.3
Hexes          | 1 2 3 4 5 6 7 8 9 10 11 12 13 14 15 16 | 16.3
Summonings     | 1 2 3 4 5 6 7 8 9 10 11 12 13 14 15 16 | 16.3
Necromancy     | 1 2 3 4 5 6 7 8 9 10 11 12 13 14 15 16 | 16.3
Translocations | 1 2 3 4 5 6 7 8 9 10 11 12 13 14 15 16 | 16.3
Transmutations | 1 2 3 4 5 6 7 8 9 10 11 12 13 14 15 16 | 16.3
Ice Magic      | 1 2 3 4 5 6 7 8 9 10 11 12 13 14 15 16 | 16.3
Air Magic      | 1 2 3 4 5 6 7 8 9 10 11 12 13 14 15 16 | 16.3
Earth Magic    | 1 2 3 4 5 6 7 8 9 10 11 12 13 14 15 16 | 16.3
Poison Magic   | 1 2 3 4 5 6 7 8 9 10 11 12 13 14 15 16 | 16.3
Fighting       | 3 4 5 6 7 8 9 10 11 12 13 14 15 16 17 18 19 | 19.3
Staves         | 3 4 5 6 7 8 9 10 11 12 13 14 15 16 17 18 19 | 19.3
Dodging        | 7 8 9 10 11 12 13 14 15 16 17 18 20 | 20.0
Fire Magic     | 8 9 10 11 12 13 14 15 16 17 | 17.6

Action                   |  1- 3 |  4- 6 |  7- 9 | 10-12 | 13-15 | 16-18 | 19-21 | 22-24 | 25-27 || total
-------------------------+-------+-------+-------+-------+-------+-------+-------+-------+-------++-------
Melee: Quarterstaff      |   107 |       |       |       |       |       |       |       |       ||   107
       Bite              |     8 |     2 |    39 |    99 |   276 |   263 |    94 |   253 |   649 ||  1683
       Whip              |    13 |    54 |    51 |       |       |       |       |       |       ||   118
       Punch             |       |     1 |     8 |    18 |       |       |       |       |       ||    27
       Pseudopods        |       |     2 |    13 |       |    63 |   439 |   178 |   414 |   303 ||  1412
       Spear             |       |       |   227 |   159 |       |       |       |       |       ||   386
       Trident           |       |       |       |   432 |  1880 |  1617 |   539 |  1429 |  3458 ||  9355
       Headbutt          |       |       |       |       |   283 |   227 |       |   290 |   651 ||  1451
       Unarmed           |       |       |       |       |       |       |       |       |     3 ||     3
Throw: Dart              |       |       |       |     5 |       |     1 |       |    12 |       ||    18
       Stone             |       |       |       |     1 |       |       |       |       |       ||     1
       Boomerang         |       |       |       |       |    12 |     2 |    54 |    95 |     5 ||   168
 Cast: Foxfire           |     4 |    69 |    79 |    28 |     4 |     2 |     3 |     6 |    27 ||   222
       Summon Small Mamm |       |       |       |       |     2 |     1 |       |       |       ||     3
       Fulminant Prism   |       |       |       |       |       |    14 |     7 |     9 |    12 ||    42
       Simulacrum        |       |       |       |       |       |     1 |       |     1 |       ||     2
       Eringya's Noxious |       |       |       |       |       |     8 |    20 |    65 |    81 ||   174
       Summon Lightning  |       |       |       |       |       |     3 |     3 |    20 |    96 ||   122
       Borgnjor's Vile C |       |       |       |       |       |     1 |       |     2 |     1 ||     4
       Ignite Poison     |       |       |       |       |       |       |       |    12 |     6 ||    18
       Summon Mana Viper |       |       |       |       |       |       |       |    10 |   201 ||   211
       Manifold Assault  |       |       |       |       |       |       |       |       |    77 ||    77
       Wereblood         |       |       |       |       |       |       |       |       |    25 ||    25
       Ozocubu's Armour  |       |       |       |       |       |       |       |       |     9 ||     9
       Statue Form       |       |       |       |       |       |       |       |       |     3 ||     3
       Yara's Violent Un |       |       |       |       |       |       |       |       |     2 ||     2
       Blink             |       |       |       |       |       |       |       |       |     1 ||     1
       Summon Forest     |       |       |       |       |       |       |       |       |     1 ||     1
Invok: Oozemancy         |       |       |     2 |    11 |       |     2 |       |       |     1 ||    16
       Slimify           |       |       |       |       |     1 |       |       |       |       ||     1
Evoke: Wand              |       |       |       |       |       |     1 |       |       |       ||     1
  Use: Scroll            |     5 |     1 |     1 |     4 |     9 |     7 |     2 |     8 |    26 ||    63
       Potion            |     1 |       |       |     2 |     6 |     7 |     6 |     9 |    27 ||    58
 Stab: Sleeping          |       |       |     4 |     5 |    23 |    23 |     6 |    26 |    10 ||    97
       Distracted        |       |       |       |     3 |     8 |     1 |     2 |    14 |    65 ||    93
       Confused          |       |       |       |       |    13 |    25 |     6 |       |     6 ||    50
       Invisible         |       |       |       |       |       |       |     4 |       |     4 ||     8
Armor: Robe              |    25 |    18 |     3 |       |       |       |       |       |       ||    46
       Leather armour    |       |       |    53 |    23 |       |       |       |       |       ||    76
       Steam dragon scal |       |       |       |   177 |   585 |   140 |       |       |       ||   902
       Skin              |       |       |       |       |    33 |       |     5 |       |   120 ||   158
       Ring mail         |       |       |       |       |       |   624 |   128 |   299 |  1223 ||  2274
Dodge: Dodged            |   111 |    50 |   212 |   426 |  1051 |  1285 |   324 |   533 |  1856 ||  5848
Block: Kite shield       |       |       |       |   280 |  1210 |  1199 |   353 |   823 |  3127 ||  6992
       Reflection        |       |       |       |       |       |       |       |    18 |    18 ||    36
